General information
- name: BNet
- type: Ladder team game (AT/RT)
- host: Battle.net
- saver: LEBRONCH0KED
map: Friends
- players: 8
- length: 63:41
- speed: Fast
- version: 1.26 W3XP
- replay type: Public
» download(339 KB)
Players
team 1 (winner)
Axe_King (
orange | 37 APM | 821 actions | 22:02)
3 Blademaster
1 Wind Walk
2 Critical Strike
3 Tauren Chieftain
2 Endurance Aura
1 War Stomp
» actions
| Assign group hotkey | 6 | |
| Basic commands | 4 | |
| Build / train | 47 | |
| Enter build submenu | 19 | |
| Enter hero's abilities submenu | 6 | |
| Right click | 297 | |
| Select / deselect | 274 | |
| Select group hotkey | 82 | |
| Use ability | 86 | |
821 total
» units
| Peon | 11 | |
| Raider | 7 | |
| Kodo Beast | 1 | |
| Wind Rider | 5 | |
24 total
» upgrades
| Melee Weapons | 3 | |
| Armor | 3 | |
| Ensnare | 1 | |
| Pillage | 1 | |
| War Drums Damage Increase | 1 | |
| Reinforced Defenses | 1 | |
| Spiked Barricades | 1 | |
11 total
» buildings
| Altar of Storms | 1 | |
| Orc Burrow | 7 | |
| War Mill | 1 | |
| Stronghold | 1 | |
| Voodoo Lounge | 1 | |
| Barracks | 1 | |
| Beastiary | 2 | |
| Watch Tower | 3 | |
| Fortress | 1 | |
| Great Hall | 1 | |
19 total
» build order
00:20 Altar of Storms
00:35 Orc Burrow
00:55 War Mill
01:35 Orc Burrow
02:45 Stronghold
02:50 Voodoo Lounge
04:00 Barracks
05:15 Beastiary
05:33 Orc Burrow
06:23 Beastiary
06:48 Orc Burrow
07:33 Orc Burrow
07:48 Watch Tower
11:42 Fortress
11:45 Orc Burrow
11:52 Orc Burrow
13:59 Watch Tower
14:45 Watch Tower
16:33 Great Hall
» items
| Healing Salve | 1 | |
| Scroll of Town Portal | 1 | |
2 total

»
suck_more_kids (
green | 67 APM | 4240 actions | 63:38)
10 Keeper of the Grove
3 Force of Nature
3 Entangling Roots
1 Tranquility
3 Thorns Aura
9 Priestess of the Moon
3 Trueshot Aura
3 Scout
1 Starfall
2 Searing Arrows
3 Mountain King
3 Thunder Clap
» actions
| Assign group hotkey | 100 | |
| Basic commands | 466 | |
| Build / train | 257 | |
| ESC pressed | 5 | |
| Enter build submenu | 175 | |
| Enter hero's abilities submenu | 23 | |
| Give item / drop item | 7 | |
| Remove unit from queue | 6 | |
| Right click | 745 | |
| Select / deselect | 941 | |
| Select group hotkey | 1097 | |
| Use ability | 418 | |
4240 total
» units
| Wisp | 176 | |
| Huntress | 3 | |
| Dryad | 2 | |
| Hippogryph | 2 | |
| Archer | 1 | |
| Chimaera | 1 | |
185 total
» upgrades
| Ultravision | 1 | |
| Strength of the Wild | 3 | |
| Improved Bows | 1 | |
| Nature's Blessing | 1 | |
| Strength of the Moon | 2 | |
| Corrosive Breath | 1 | |
| Reinforced Hides | 3 | |
| Druid of the Claw Training | 1 | |
| Abolish Magic | 1 | |
| Druid of the Talon Training | 1 | |
| Moon Armor | 2 | |
| Marksmanship | 1 | |
| Well Spring | 1 | |
19 total
» buildings
| Moon Well | 14 | |
| Altar of Elders | 3 | |
| Ancient of War | 2 | |
| Hunter's Hall | 3 | |
| Tree of Ages | 2 | |
| Tree of Eternity | 2 | |
| Ancient of Lore | 2 | |
| Ancient of Wind | 2 | |
| Chimaera Roost | 2 | |
| Tree of Life | 17 | |
| Ancient Protector | 209 | |
258 total
» build order
00:31 Moon Well
00:37 Altar of Elders
01:50 Ancient of War
01:54 Hunter's Hall
02:11 Moon Well
03:00 Moon Well
03:17 Ancient of War
03:31 Tree of Ages
05:23 Moon Well
06:19 Tree of Eternity
06:56 Ancient of Lore
06:57 Ancient of Wind
08:49 Chimaera Roost
08:49 Chimaera Roost
11:53 Tree of Life
12:07 Moon Well
12:09 Moon Well
12:10 Moon Well
13:25 Ancient Protector
13:27 Ancient Protector
15:51 Moon Well
15:55 Ancient of Lore
15:57 Ancient of Wind
19:54 Ancient Protector
19:54 Ancient Protector
19:55 Ancient Protector
19:56 Ancient Protector
19:56 Ancient Protector
20:45 Ancient Protector
20:47 Ancient Protector
22:29 Tree of Life
24:32 Tree of Life
25:17 Moon Well
25:19 Moon Well
27:36 Moon Well
28:26 Moon Well
28:29 Moon Well
30:35 Hunter's Hall
31:56 Tree of Life
31:59 Tree of Life
33:19 Tree of Life
33:22 Tree of Life
34:12 Tree of Life
34:55 Tree of Life
35:01 Tree of Life
36:39 Hunter's Hall
37:39 Tree of Life
37:54 Ancient Protector
37:59 Ancient Protector
38:00 Ancient Protector
38:01 Ancient Protector
38:22 Ancient Protector
38:23 Ancient Protector
39:56 Tree of Life
40:07 Tree of Life
41:42 Ancient Protector
41:43 Ancient Protector
41:44 Ancient Protector
41:44 Ancient Protector
41:45 Ancient Protector
41:45 Ancient Protector
41:46 Ancient Protector
41:46 Ancient Protector
41:47 Ancient Protector
41:48 Ancient Protector
41:49 Ancient Protector
44:10 Ancient Protector
44:11 Ancient Protector
44:11 Ancient Protector
44:14 Ancient Protector
44:14 Ancient Protector
44:15 Ancient Protector
44:15 Ancient Protector
44:16 Ancient Protector
44:17 Ancient Protector
44:55 Ancient Protector
44:56 Ancient Protector
44:57 Ancient Protector
44:58 Ancient Protector
44:58 Ancient Protector
44:59 Ancient Protector
45:00 Ancient Protector
45:00 Ancient Protector
45:41 Ancient Protector
45:42 Ancient Protector
45:43 Ancient Protector
45:44 Ancient Protector
45:44 Ancient Protector
45:44 Ancient Protector
45:45 Ancient Protector
45:46 Ancient Protector
45:47 Ancient Protector
45:47 Ancient Protector
45:47 Ancient Protector
45:48 Ancient Protector
45:49 Ancient Protector
45:49 Ancient Protector
46:31 Ancient Protector
46:31 Ancient Protector
46:32 Ancient Protector
46:33 Ancient Protector
46:34 Ancient Protector
46:35 Ancient Protector
47:54 Ancient Protector
47:55 Ancient Protector
47:56 Ancient Protector
47:57 Ancient Protector
47:57 Ancient Protector
47:58 Ancient Protector
48:00 Ancient Protector
48:01 Ancient Protector
48:03 Ancient Protector
48:03 Ancient Protector
48:04 Ancient Protector
48:05 Ancient Protector
48:25 Ancient Protector
48:25 Ancient Protector
48:25 Ancient Protector
48:26 Ancient Protector
48:27 Ancient Protector
48:28 Ancient Protector
48:28 Ancient Protector
48:29 Ancient Protector
49:11 Tree of Ages
49:23 Ancient Protector
49:24 Ancient Protector
49:25 Ancient Protector
49:26 Ancient Protector
50:31 Ancient Protector
50:39 Ancient Protector
50:40 Ancient Protector
50:42 Ancient Protector
50:43 Ancient Protector
50:44 Ancient Protector
50:45 Ancient Protector
50:47 Ancient Protector
50:49 Ancient Protector
50:50 Ancient Protector
50:51 Ancient Protector
50:59 Ancient Protector
51:09 Tree of Life
51:30 Tree of Life
52:09 Ancient Protector
52:21 Altar of Elders
52:28 Altar of Elders
52:37 Ancient Protector
52:38 Ancient Protector
52:38 Ancient Protector
52:39 Ancient Protector
52:39 Ancient Protector
52:40 Ancient Protector
52:40 Ancient Protector
52:41 Ancient Protector
52:42 Ancient Protector
52:42 Ancient Protector
52:43 Ancient Protector
52:44 Ancient Protector
53:29 Ancient Protector
53:36 Ancient Protector
53:41 Ancient Protector
53:45 Tree of Eternity
54:38 Tree of Life
54:44 Tree of Life
54:51 Ancient Protector
54:52 Ancient Protector
54:53 Ancient Protector
54:54 Ancient Protector
54:54 Ancient Protector
54:55 Ancient Protector
54:57 Ancient Protector
55:39 Ancient Protector
55:40 Ancient Protector
55:40 Ancient Protector
55:41 Ancient Protector
55:42 Ancient Protector
55:43 Ancient Protector
55:43 Ancient Protector
55:55 Ancient Protector
55:55 Ancient Protector
55:56 Ancient Protector
55:57 Ancient Protector
55:58 Ancient Protector
55:58 Ancient Protector
56:00 Ancient Protector
56:00 Ancient Protector
56:01 Ancient Protector
56:01 Ancient Protector
56:02 Ancient Protector
56:03 Ancient Protector
56:03 Ancient Protector
56:26 Ancient Protector
56:27 Ancient Protector
56:28 Ancient Protector
56:28 Ancient Protector
56:30 Ancient Protector
56:30 Ancient Protector
56:31 Ancient Protector
57:29 Moon Well
57:48 Ancient Protector
57:49 Ancient Protector
57:49 Ancient Protector
57:50 Ancient Protector
57:50 Ancient Protector
57:51 Ancient Protector
57:51 Ancient Protector
57:52 Ancient Protector
58:23 Ancient Protector
60:19 Ancient Protector
60:20 Ancient Protector
60:21 Ancient Protector
60:22 Ancient Protector
60:23 Ancient Protector
60:23 Ancient Protector
60:25 Ancient Protector
60:25 Ancient Protector
60:26 Ancient Protector
60:26 Ancient Protector
60:33 Ancient Protector
60:34 Ancient Protector
60:50 Ancient Protector
60:53 Ancient Protector
60:53 Ancient Protector
60:54 Ancient Protector
60:54 Ancient Protector
60:55 Ancient Protector
60:56 Ancient Protector
60:56 Ancient Protector
60:57 Ancient Protector
60:58 Ancient Protector
61:00 Ancient Protector
61:01 Ancient Protector
61:02 Ancient Protector
61:53 Ancient Protector
61:53 Ancient Protector
61:55 Ancient Protector
61:56 Ancient Protector
61:57 Ancient Protector
61:58 Ancient Protector
61:58 Ancient Protector
61:59 Ancient Protector
62:00 Ancient Protector
63:00 Ancient Protector
63:12 Ancient Protector
63:12 Ancient Protector
63:13 Ancient Protector
63:14 Ancient Protector
63:14 Ancient Protector
63:15 Ancient Protector
63:15 Ancient Protector
63:16 Ancient Protector
63:16 Ancient Protector
63:17 Ancient Protector
63:17 Ancient Protector
63:18 Ancient Protector
» items
| Mana Stone | 1 | |
| Ankh of Reincarnation | 3 | |
| Robe of the Magi +6 | 3 | |
| Inferno Stone | 5 | |
| Healing Wards | 1 | |
| Book of the Dead | 1 | |
| The Lion Horn of Stormwind | 1 | |
| Scourge Bone Chimes | 1 | |
| Runed Bracers | 1 | |
| Health Stone | 1 | |
18 total
LEBRONCH0KED (
pink | 24 APM | 1522 actions | 63:41)
7 Mountain King
3 Storm Bolt
3 Bash
1 Avatar
1 Blademaster
1 Mirror Image
» actions
| Assign group hotkey | 21 | |
| Basic commands | 12 | |
| Build / train | 110 | |
| Enter build submenu | 25 | |
| Enter hero's abilities submenu | 8 | |
| Give item / drop item | 1 | |
| Remove unit from queue | 1 | |
| Right click | 567 | |
| Select / deselect | 318 | |
| Select group hotkey | 338 | |
| Use ability | 121 | |
1522 total
» units
| Peasant | 16 | |
| Gryphon Rider | 20 | |
| Goblin Zeppelin | 2 | |
| Goblin Shredder | 2 | |
| Siege Engine | 11 | |
51 total
» upgrades
| Masonry | 3 | |
| Lumber Harvesting | 1 | |
| Storm Hammers | 1 | |
| Barrage | 1 | |
| Swords | 1 | |
| Armor | 1 | |
| Flying Machine Bombs | 1 | |
| Flak Cannons | 1 | |
| Magic Sentry | 1 | |
| Sorceress Training | 2 | |
| Priest Training | 2 | |
15 total
» buildings
| Altar of Kings | 1 | |
| Farm | 17 | |
| Scout Tower | 34 | |
| Arcane Tower | 2 | |
| Lumber Mill | 2 | |
| Keep | 2 | |
| Guard Tower | 20 | |
| Arcane Vault | 3 | |
| Castle | 1 | |
| Gryphon Aviary | 3 | |
| Blacksmith | 1 | |
| Town Hall | 2 | |
| Workshop | 2 | |
| Arcane Sanctum | 1 | |
91 total
» build order
00:10 Altar of Kings
00:19 Farm
00:57 Scout Tower
01:26 Arcane Tower
01:33 Lumber Mill
02:39 Keep
02:48 Scout Tower
02:50 Scout Tower
03:27 Guard Tower
03:52 Guard Tower
04:05 Arcane Vault
04:55 Scout Tower
04:56 Scout Tower
05:07 Castle
05:13 Scout Tower
05:13 Scout Tower
05:18 Gryphon Aviary
05:20 Gryphon Aviary
05:29 Farm
05:30 Farm
05:30 Farm
05:31 Farm
05:32 Farm
06:23 Guard Tower
06:51 Guard Tower
07:05 Gryphon Aviary
07:15 Farm
07:17 Farm
07:21 Farm
07:22 Farm
08:53 Lumber Mill
12:46 Scout Tower
12:46 Scout Tower
12:47 Scout Tower
12:48 Scout Tower
12:48 Scout Tower
13:46 Blacksmith
14:00 Guard Tower
14:56 Town Hall
15:05 Scout Tower
15:05 Scout Tower
15:06 Scout Tower
15:06 Scout Tower
15:06 Scout Tower
15:10 Scout Tower
15:10 Scout Tower
15:11 Scout Tower
15:12 Scout Tower
15:13 Scout Tower
15:14 Scout Tower
15:15 Scout Tower
15:15 Scout Tower
15:43 Guard Tower
16:31 Guard Tower
16:56 Guard Tower
17:05 Guard Tower
17:07 Guard Tower
17:13 Guard Tower
17:20 Guard Tower
18:11 Arcane Vault
18:41 Workshop
18:42 Workshop
18:44 Scout Tower
18:44 Scout Tower
18:46 Scout Tower
18:47 Scout Tower
18:47 Scout Tower
19:31 Scout Tower
19:31 Scout Tower
19:33 Scout Tower
19:33 Scout Tower
20:01 Guard Tower
20:28 Guard Tower
20:45 Guard Tower
20:51 Keep
24:48 Guard Tower
49:18 Farm
49:18 Farm
49:19 Farm
49:19 Farm
49:21 Farm
49:22 Farm
53:22 Town Hall
56:06 Arcane Vault
56:26 Arcane Sanctum
» items
| Healing Salve | 1 | |
| Scroll of Town Portal | 6 | |
7 total
Ninjapleedie (
red | 58 APM | 3675 actions | 63:38)
4 Shadow Hunter
2 Healing Wave
2 Hex
6 Tauren Chieftain
3 War Stomp
1 Endurance Aura
1 Reincarnation
1 Shockwave
5 Blademaster
2 Wind Walk
1 Bladestorm
1 Critical Strike
1 Mirror Image
» actions
| Assign group hotkey | 71 | |
| Build / train | 138 | |
| Enter build submenu | 35 | |
| Enter hero's abilities submenu | 17 | |
| Right click | 1398 | |
| Select / deselect | 841 | |
| Select group hotkey | 1059 | |
| Use ability | 115 | |
3675 total
» units
| Peon | 14 | |
| Wind Rider | 31 | |
| Tauren | 9 | |
| Shaman | 15 | |
| Raider | 22 | |
91 total
» upgrades
| Ranged Weapons | 5 | |
| Armor | 1 | |
| Envenomed Spears | 2 | |
| Spiked Barricades | 2 | |
| Melee Weapons | 3 | |
| Pulverize | 2 | |
| Shaman Training | 2 | |
| Berserker Strength | 1 | |
| Berserker Upgrade | 1 | |
| Troll Regeneration | 1 | |
| Burning Oil | 1 | |
21 total
» buildings
| Orc Burrow | 12 | |
| Altar of Storms | 2 | |
| War Mill | 2 | |
| Voodoo Lounge | 1 | |
| Stronghold | 1 | |
| Watch Tower | 7 | |
| Beastiary | 2 | |
| Fortress | 1 | |
| Tauren Totem | 2 | |
| Barracks | 1 | |
| Spirit Lodge | 1 | |
32 total
» build order
00:13 Orc Burrow
00:16 Altar of Storms
00:36 War Mill
01:38 Orc Burrow
02:37 Voodoo Lounge
03:21 Stronghold
04:43 Watch Tower
05:50 Beastiary
05:54 Beastiary
05:59 Watch Tower
06:24 Orc Burrow
06:33 Watch Tower
07:26 Watch Tower
08:36 Orc Burrow
08:41 Fortress
11:44 Watch Tower
11:57 Tauren Totem
13:06 Orc Burrow
13:13 Watch Tower
14:22 Barracks
15:34 Orc Burrow
16:31 Orc Burrow
17:38 Watch Tower
22:59 Altar of Storms
27:14 Spirit Lodge
27:39 Orc Burrow
27:42 Orc Burrow
28:35 Orc Burrow
36:19 War Mill
40:58 Tauren Totem
51:17 Orc Burrow
54:27 Orc Burrow
» items
| Orb of Lightning | 2 | |
| Lesser Clarity Potion | 1 | |
| Potion of Mana | 1 | |
4 total
team 2 (loser)
yun5895 (
blue | 52 APM | 3324 actions | 63:37)
9 Demon Hunter
3 Immolation
2 Evasion
1 Metamorphosis
3 Mana Burn
6 Keeper of the Grove
3 Entangling Roots
2 Thorns Aura
1 Tranquility
» actions
| Assign group hotkey | 62 | |
| Build / train | 174 | |
| Enter build submenu | 35 | |
| Enter hero's abilities submenu | 15 | |
| Right click | 1063 | |
| Select / deselect | 680 | |
| Select group hotkey | 1188 | |
| Use ability | 107 | |
3324 total
» units
| Wisp | 22 | |
| Archer | 12 | |
| Hippogryph | 38 | |
| Goblin Zeppelin | 2 | |
| Goblin Shredder | 1 | |
| Chimaera | 15 | |
| Dryad | 12 | |
| Druid of the Claw | 2 | |
| Druid of the Talon | 2 | |
106 total
» upgrades
| Strength of the Moon | 3 | |
| Hippogryph Taming | 1 | |
| Moon Armor | 3 | |
| Marksmanship | 1 | |
| Ultravision | 1 | |
| Well Spring | 1 | |
| Corrosive Breath | 1 | |
| Strength of the Wild | 3 | |
| Reinforced Hides | 4 | |
| Druid of the Talon Training | 2 | |
| Abolish Magic | 1 | |
| Druid of the Claw Training | 2 | |
| Mark of the Claw | 1 | |
| Mark of the Talon | 1 | |
25 total
» buildings
| Moon Well | 10 | |
| Altar of Elders | 3 | |
| Ancient of War | 1 | |
| Hunter's Hall | 1 | |
| Tree of Ages | 1 | |
| Ancient of Wind | 4 | |
| Tree of Eternity | 1 | |
| Tree of Life | 2 | |
| Chimaera Roost | 5 | |
| Ancient of Lore | 3 | |
| Ancient Protector | 3 | |
| Great Hall | 2 | |
| Fortress | 1 | |
| War Mill | 1 | |
38 total
» build order
00:25 Moon Well
00:43 Altar of Elders
01:10 Moon Well
01:53 Ancient of War
02:10 Hunter's Hall
02:30 Moon Well
03:14 Tree of Ages
04:46 Moon Well
05:41 Ancient of Wind
05:45 Ancient of Wind
06:00 Tree of Eternity
09:16 Tree of Life
10:11 Moon Well
10:17 Moon Well
12:43 Chimaera Roost
12:45 Chimaera Roost
12:48 Chimaera Roost
15:37 Moon Well
16:51 Moon Well
22:37 Moon Well
22:46 Moon Well
26:48 Ancient of Wind
26:54 Ancient of Wind
27:43 Ancient of Lore
27:51 Ancient of Lore
29:36 Ancient of Lore
36:28 Tree of Life
55:47 Chimaera Roost
55:50 Chimaera Roost
61:10 Ancient Protector
61:13 Ancient Protector
61:16 Ancient Protector
61:52 Altar of Elders
61:55 Altar of Elders
62:21 Great Hall
62:28 Fortress
62:47 Great Hall
63:06 War Mill
» items
| Potion of Healing | 6 | |
| Orb of Lightning | 1 | |
| Scroll of Town Portal | 9 | |
| Healing Salve | 1 | |
| Orb of Fire | 1 | |
| Scroll of Regeneration | 1 | |
19 total
Mina_TheTwo (
teal | 23 APM | 1376 actions | 60:33)
7 Blood Mage
3 Flame Strike
3 Siphon Mana
1 Summon Phoenix
2 Shadow Hunter
1 Hex
1 Healing Wave
» actions
| Build / train | 154 | |
| Enter build submenu | 16 | |
| Enter hero's abilities submenu | 9 | |
| Give item / drop item | 1 | |
| Remove unit from queue | 7 | |
| Right click | 630 | |
| Select / deselect | 418 | |
| Use ability | 141 | |
1376 total
» units
| Peasant | 18 | |
| Goblin Zeppelin | 3 | |
| Goblin Sapper | 26 | |
| Troll Batrider | 8 | |
| Grunt | 19 | |
| Peon | 9 | |
| Wind Rider | 5 | |
88 total
» upgrades
| Lumber Harvesting | 2 | |
| Masonry | 3 | |
| Berserker Strength | 1 | |
| Melee Weapons | 2 | |
| Reinforced Defenses | 1 | |
| Pillage | 1 | |
| Liquid Fire | 1 | |
11 total
» buildings
| Altar of Kings | 1 | |
| Arcane Vault | 1 | |
| Lumber Mill | 1 | |
| Keep | 1 | |
| Castle | 1 | |
| Farm | 6 | |
| Town Hall | 1 | |
| Great Hall | 2 | |
| Stronghold | 1 | |
| Orc Burrow | 2 | |
| Altar of Storms | 1 | |
18 total
» build order
02:55 Altar of Kings
03:04 Arcane Vault
05:07 Lumber Mill
07:01 Keep
09:40 Castle
12:19 Farm
12:21 Farm
14:39 Farm
17:30 Farm
19:54 Farm
31:22 Farm
49:17 Town Hall
52:31 Great Hall
54:29 Great Hall
57:53 Stronghold
57:56 Orc Burrow
58:01 Altar of Storms
58:58 Orc Burrow
» items
| Lesser Clarity Potion | 12 | |
| Scroll of Speed | 5 | |
| Healing Salve | 2 | |
| Scroll of Town Portal | 4 | |
| Orb of Lightning | 1 | |
| Potion of Healing | 1 | |
| Book of the Dead | 1 | |
| Ankh of Reincarnation | 1 | |
| Scroll of Resurrection | 1 | |
| Demonic Figurine | 1 | |
| Inferno Stone | 2 | |
| Potion of Divinity | 1 | |
| Potion of Mana | 1 | |
| Tiny Great Hall | 1 | |
34 total
Cronap (
purple | 44 APM | 2140 actions | 48:06)
6 Blademaster
1 Wind Walk
3 Critical Strike
1 Mirror Image
1 Bladestorm
6 Goblin Tinker
2 Pocket Factory
1 Cluster Rockets
2 Engineering Upgrade
1 Robo-Goblin
» actions
| Assign group hotkey | 3 | |
| Basic commands | 5 | |
| Build / train | 110 | |
| Enter build submenu | 36 | |
| Enter hero's abilities submenu | 13 | |
| Give item / drop item | 1 | |
| Remove unit from queue | 3 | |
| Right click | 1164 | |
| Select / deselect | 658 | |
| Select group hotkey | 7 | |
| Use ability | 140 | |
2140 total
» units
| Peon | 18 | |
| Troll Headhunter/Berserker | 18 | |
| Goblin Sapper | 1 | |
| Shaman | 3 | |
| Goblin Zeppelin | 3 | |
| Forest Troll Shadow Priest | 1 | |
| Ogre Mauler | 1 | |
| Troll Batrider | 16 | |
| Demolisher | 6 | |
67 total
» upgrades
| Ranged Weapons | 3 | |
| Troll Regeneration | 1 | |
| Berserker Upgrade | 1 | |
| Shaman Training | 2 | |
| Liquid Fire | 1 | |
| Armor | 2 | |
| Pillage | 1 | |
| Reinforced Defenses | 1 | |
| Spiked Barricades | 1 | |
13 total
» buildings
| Altar of Storms | 2 | |
| Orc Burrow | 9 | |
| War Mill | 2 | |
| Voodoo Lounge | 2 | |
| Barracks | 4 | |
| Watch Tower | 9 | |
| Stronghold | 2 | |
| Fortress | 1 | |
| Spirit Lodge | 2 | |
| Beastiary | 1 | |
| Great Hall | 1 | |
35 total
» build order
00:08 Altar of Storms
00:50 Orc Burrow
01:27 War Mill
02:03 Orc Burrow
02:14 Voodoo Lounge
02:28 Barracks
03:16 Watch Tower
03:49 Orc Burrow
05:03 Stronghold
05:48 Barracks
07:08 Orc Burrow
07:30 Fortress
08:40 Spirit Lodge
10:06 Spirit Lodge
12:12 Beastiary
12:48 Orc Burrow
13:55 Orc Burrow
13:57 Watch Tower
15:16 Orc Burrow
17:54 Great Hall
19:36 Orc Burrow
24:10 War Mill
27:05 Barracks
28:49 Watch Tower
31:01 Watch Tower
32:07 Watch Tower
33:16 Orc Burrow
33:32 Stronghold
34:19 Watch Tower
35:15 Altar of Storms
35:26 Watch Tower
36:52 Watch Tower
37:06 Voodoo Lounge
38:04 Barracks
40:19 Watch Tower
» items
| Healing Salve | 2 | |
| Lesser Clarity Potion | 4 | |
| Scroll of Speed | 1 | |
| Scroll of Town Portal | 1 | |
| Orb of Lightning | 1 | |
| Potion of Healing | 1 | |
10 total
ImGoingToKillU (
yellow | 27 APM | 1210 actions | 45:30)
10 Blademaster
3 Wind Walk
3 Mirror Image
3 Critical Strike
1 Bladestorm
» actions
| Build / train | 126 | |
| Enter build submenu | 19 | |
| Enter hero's abilities submenu | 10 | |
| Right click | 633 | |
| Select / deselect | 351 | |
| Use ability | 71 | |
1210 total
» units
| Peon | 19 | |
| Troll Headhunter/Berserker | 38 | |
| Wind Rider | 32 | |
89 total
» upgrades
| Ranged Weapons | 3 | |
| Armor | 3 | |
| Envenomed Spears | 1 | |
7 total
» buildings
| Orc Burrow | 13 | |
| Altar of Storms | 1 | |
| Voodoo Lounge | 1 | |
| War Mill | 1 | |
| Barracks | 1 | |
| Stronghold | 1 | |
| Beastiary | 1 | |
| Fortress | 1 | |
20 total
» build order
00:14 Orc Burrow
00:30 Altar of Storms
00:37 Voodoo Lounge
01:34 War Mill
02:17 Barracks
02:54 Orc Burrow
04:11 Orc Burrow
05:41 Orc Burrow
05:48 Stronghold
07:18 Orc Burrow
08:28 Beastiary
08:34 Fortress
08:37 Orc Burrow
15:21 Orc Burrow
25:01 Orc Burrow
28:01 Orc Burrow
28:47 Orc Burrow
32:15 Orc Burrow
38:46 Orc Burrow
41:00 Orc Burrow
» items
| Healing Salve | 3 | |
| Lesser Clarity Potion | 3 | |
| Scroll of Town Portal | 9 | |
| Orb of Lightning | 1 | |
| Tiny Great Hall | 1 | |
17 total
Chat log
(00:27 / Allies) Axe_King: ima get raiders
(00:34 / Allies) Ninjapleedie: wind n shaman
(00:42 / All) Cronap: gg
(00:47 / All) Axe_King: gl
(00:53 / All) Cronap: no its gg
(01:03 / All) LEBRONCH0KED: relax
(01:06 / All) LEBRONCH0KED: we got an afker over here
(01:07 / All) Axe_King: yea n im saying gl
(01:24 / All) Axe_King: wtf pink
(01:37 / Allies) Axe_King: ;)
(01:57 / All) LEBRONCH0KED: we're gonna rush since im only good for 3 quarters
(02:07 / Allies) Axe_King: lol true
(02:28 / Allies) LEBRONCH0KED: im ultra lazy this game guys, you will have to be dwayne wade and carry me
(02:46 / Allies) suck_more_kids: dwyane*
(03:43 / All) LEBRONCH0KED: i am the brother of kodos_forsaken, the best 4v4rter ever, you will obey me team 2
(04:08 / All) Mina_TheTwo: :s
(04:21 / Allies) Axe_King: help red
(04:44 / Allies) LEBRONCH0KED: check for towers niggas
(06:30 / Allies) LEBRONCH0KED: wood
(10:01 / All) Mina_TheTwo: haha
(10:07 / All) Mina_TheTwo: we are pro
(10:16 / All) Mina_TheTwo: sad
(10:49 / All) Mina_TheTwo: im hero only baby
(12:24 / Allies) Ninjapleedie: they r going to hit me
(12:42 / Allies) suck_more_kids: i am gonna hit u
(12:44 / Allies) suck_more_kids: in the face
(12:52 / Allies) Axe_King: how rude
(12:54 / Allies) Axe_King: lol
(12:56 / Allies) Ninjapleedie: indeed
(14:26 / Allies) Axe_King: ty so much
(14:33 / All) LEBRONCH0KED: i like cock
(14:50 / Allies) Axe_King: thats what she said
(15:30 / Allies) LEBRONCH0KED: gonna chill for a bit
(15:54 / Allies) LEBRONCH0KED: hero duel
(15:55 / Allies) LEBRONCH0KED: orange
(16:00 / Allies) LEBRONCH0KED: my mk vs ur 2
(16:06 / Allies) Axe_King: no
(16:10 / Allies) LEBRONCH0KED: i got ward to do negate damage
(16:35 / Allies) LEBRONCH0KED: gold
(16:36 / Allies) LEBRONCH0KED: niggers
(18:16 / All) Cronap: told you it was gg
(18:17 / Allies) Axe_King: red, ill ensare
(19:33 / Allies) Axe_King: lets hit now
(20:33 / Allies) Ninjapleedie: out
(21:40 / All) Cronap: LOL PINK
(21:42 / Allies) suck_more_kids: gj pink
(21:55 / All) LEBRONCH0KED: i am a pro backstabber
(21:58 / All) LEBRONCH0KED: i got skills
(22:23 / Allies) suck_more_kids: wtf are u doing noob
(22:32 / All) LEBRONCH0KED: im a pro 4v4rter green, you obey me
(22:40 / All) suck_more_kids: ?
(23:07 / All) suck_more_kids: stop attacking me with your garbage 0-0 upgrade gryphons noob
(23:13 / All) LEBRONCH0KED: lawl
(24:07 / All) LEBRONCH0KED: this is a human world, teal
(28:04 / Allies) Ninjapleedie: i got oj
(28:23 / Allies) LEBRONCH0KED: im gonna clean house
(32:40 / All) Cronap: gg
(32:48 / All) Cronap: since yellow jsut left and doesnt wanna hit anyone
(33:54 / All) Cronap: gg
(34:44 / All) suck_more_kids: lol stupid yellow
(35:24 / All) LEBRONCH0KED: god damn dogs shitting in my house
(37:38 / Allies) LEBRONCH0KED: im taking a shower
(37:46 / Allies) Ninjapleedie: make tanks pink
(40:27 / All) Cronap: gg
(40:31 / All) Cronap: not wasting my time
(43:56 / All) suck_more_kids: lol
(45:39 / All) Cronap: teal was so pro..
(45:49 / Allies) Ninjapleedie: green gold oj plz
(45:59 / All) Mina_TheTwo: im not trying to win im jus having fun
(46:08 / All) Cronap: thats what customs are for.
(46:19 / Allies) Ninjapleedie: ty
(46:23 / All) Cronap: i bet green has like 50k gold right now
(46:27 / All) Mina_TheTwo: this is just a game due
(46:43 / All) Cronap: so is football but poeple stil lwant to win those games dont they?
(47:47 / All) suck_more_kids: get off
(47:48 / All) suck_more_kids: my nuts
(48:09 / All) LEBRONCH0KED: lawl
(48:54 / Allies) Ninjapleedie: green moon wells
(49:06 / Allies) suck_more_kids: what for
(49:08 / Allies) suck_more_kids: theres fountains
(49:13 / Allies) Ninjapleedie: u need look
(49:18 / Allies) suck_more_kids: ?
(49:24 / Allies) Ninjapleedie: ur upkeep
(50:16 / All) LEBRONCH0KED: raped
(50:53 / All) Mina_TheTwo: oh cmn guys
(51:02 / All) Mina_TheTwo: im not dangerous lol
(52:08 / All) Mina_TheTwo: blue is so dumb going there
(52:13 / All) suck_more_kids: LOL
(52:53 / Allies) LEBRONCH0KED: red what are you ctronlling
(54:28 / All) LEBRONCH0KED: you are a warrior blue
(54:33 / Allies) Ninjapleedie: ok pink im contolling oj
(54:39 / Allies) Ninjapleedie: sorry i never answerd u haha
(55:32 / All) Ninjapleedie: bye pro
(56:18 / Allies) Ninjapleedie: come someone give oj gold plz
(58:58 / Allies) LEBRONCH0KED: ungroup then
(59:03 / Allies) Ninjapleedie: i am